 Dungeon Crawl Stone Soup version 0.27-a0-797-g27d10ad80f (webtiles) character file.

Game seed: 11246230427357159811

379 polve the Slasher (level 6, -5/47 HPs)
             Began as a Demonspawn Abyssal Knight on Mar 27, 2021.
             Was a Believer of Lugonu.
             Slain by an iguana (11 damage)
             ... on level 5 of the Dungeon.
             The game lasted 00:02:31 (3870 turns).

polve the Slasher (Demonspawn Abyssal Knight)       Turns: 3870, Time: 00:02:32

Health: -5/47      AC: 10    Str: 12    XL:     6   Next: 45%
Magic:  7/7        EV:  9    Int: 16    God:    Lugonu [**....]
Gold:   127        SH:  0    Dex: 24    Spells: 5/5 levels left

rFire    . . .     SeeInvis .   a - +1 falchion
rCold    . . .     Faith    .   (no shield)
rNeg     . . .     Spirit   .   n - +1 scale mail
rPois    .         Reflect  .   (helmet restricted)
rElec    .         Harm     .   (no cloak)
rCorr    .         Rampage  .   (no gloves)
Will     .....                  (no boots)
Stlth    ++........             (no amulet)
HPRegen  0.15/turn              h - +6 ring of dexterity
MPRegen  0.10/turn              k - +6 ring of dexterity

@: no status effects
A: antennae 2, icy blue scales 1, camouflage 1, shaggy fur 1, wild magic 1
a: Renounce Religion, Depart the Abyss, Bend Space


You were on level 5 of the Dungeon.
You worshipped Lugonu.
Lugonu was pleased with you.
You visited 1 branch of the dungeon, and saw 5 of its levels.
You visited the Abyss 1 time.

You collected 127 gold pieces.

Inventory:

Hand Weapons
 a - a +1 falchion (weapon)
Armour
 n - a +1 scale mail (worn)
Jewellery
 h - a +6 ring of dexterity (left hand)
 k - a +6 ring of dexterity (right hand)
Wands
 j - a wand of acid (7)
Scrolls
 d - 2 scrolls of teleportation
 f - 2 scrolls of identify
 l - a scroll of blinking
Potions
 b - 2 potions of lignification
 c - a potion of heal wounds {unknown}


   Skills:
 - Level 3.0 Fighting
 + Level 6.3 Long Blades
 - Level 1.7 Armour
 - Level 0.8 Dodging
 - Level 2.4 Invocations


You had 5 spell levels left.
You didn't know any spells.
Your spell library was empty.

Dungeon Overview and Level Annotations

Branches:
Dungeon (5/15)
 Temple: D:4-7

Altars:
Fedhas
Okawaru
Xom

Annotations:
D:4 Dowan


Innate Abilities, Weirdness & Mutations

You have a pair of antennae on your head.
You are partially covered in icy blue scales. (AC +2)
Your skin changes colour to match your surroundings (Stealth+).
You are covered in fur. (AC +1)
Your spells are a little harder to cast, but a little more powerful.


Message History

You closely miss the iguana.
The iguana is moderately wounded.
The iguana bites you but does no damage.
You hit the iguana.
The iguana is heavily wounded.
The iguana bites you.
You barely miss the iguana.
The iguana is heavily wounded.
The iguana closely misses you.
You slash the iguana!
The iguana is almost dead.
The iguana barely misses you.
You barely miss the iguana.
The iguana is almost dead.
The iguana bites you.
You hit the iguana but do no damage.
The iguana is almost dead.
The iguana bites you.
You hit the iguana.
The iguana is almost dead.
The iguana barely misses you.
You riposte.
You closely miss the iguana.
The iguana is almost dead.
You closely miss the iguana.
The iguana is almost dead.
The iguana bites you.
* * * LOW HITPOINT WARNING * * *
You hit the iguana but do no damage.
The iguana is almost dead.
The iguana bites you but does no damage.
You closely miss the iguana.
The iguana is almost dead.
The iguana completely misses you.
You barely miss the iguana.
The iguana is almost dead.
The iguana bites you!
* * * LOW HITPOINT WARNING * * *
You barely miss the iguana.
The iguana is almost dead.
The iguana bites you!
You die...

#....###..........# ##
#....#####.##.....#
...#...>...######.......
#.#.#..##.# #.......
......##.#### #.......
...#.##.......# #.>.....
..##.......#..# ##......
...........#..# #......
.##<.l@......#
#............
#.............
#.........#...
#.........#...
#....###### .. #....#
######


You could see an iguana.

Vanquished Creatures
  Menkaure (D:4)
  A necrophage (D:4)
  A bullfrog skeleton (D:5)
  Natasha (D:3)
  4 adders
  A worm (D:2)
  4 dart slugs
  An orc (D:3)
  8 bats
  9 endoplasms
  7 giant cockroaches
  6 goblins
  3 hobgoblins
  9 jackals
  4 kobolds
  A quokka (D:1)
  2 ball pythons
  6 frilled lizards
  4 rats
73 creatures vanquished.

Vanquished Creatures (others)
  A plant (D:2)
1 creature vanquished.

Grand Total: 74 creatures vanquished

Notes
Turn   | Place    | Note
-------+----------+-------------------------------------------
     0 | Abyss:1  | polve the Demonspawn Abyssal Knight began the quest for the
                  | Orb.
     0 | Abyss:1  | Reached XP level 1. HP: 18/18 MP: 2/2
    48 | Abyss:1  | Noticed a thrashing horror
    49 | D:1      | Escaped the Abyss
   131 | D:1      | Reached skill level 2 in Long Blades
   158 | D:1      | Reached * piety under Lugonu
   159 | D:1      | Gained mutation: You are partially covered in icy blue
                  | scales. (AC +2) [demonic ancestry]
   159 | D:1      | Reached XP level 2. HP: 24/24 MP: 3/3
   482 | D:1      | Reached skill level 3 in Long Blades
   647 | D:1      | Gained mutation: You have a pair of small antennae on your
                  | head. [demonic ancestry]
   647 | D:1      | Reached XP level 3. HP: 29/29 MP: 4/4
  1405 | D:2      | Found a blossoming altar of Fedhas.
  1640 | D:2      | Reached XP level 4. HP: 35/35 MP: 5/5
  1650 | D:2      | Reached skill level 4 in Long Blades
  1693 | D:2      | Reached ** piety under Lugonu
  2766 | D:3      | Found an iron altar of Okawaru.
  2766 | D:3      | Found a shimmering altar of Xom.
  2920 | D:3      | Noticed Natasha
  2925 | D:3      | Killed Natasha
  3100 | D:3      | Gained mutation: You are covered in fur. (AC +1) [potion of
                  | mutation]
  3100 | D:3      | Gained mutation: Your spells are a little harder to cast,
                  | but a little more powerful. [potion of mutation]
  3100 | D:3      | Gained mutation: Your skin changes colour to match your
                  | surroundings (Stealth+). [potion of mutation]
  3224 | D:4      | Noticed a necrophage
  3244 | D:4      | Killed a necrophage
  3245 | D:4      | Reached skill level 5 in Long Blades
  3245 | D:4      | Gained mutation: You have a pair of antennae on your head.
                  | [demonic ancestry]
  3245 | D:4      | Reached XP level 5. HP: 30/41 MP: 6/6
  3391 | D:4      | Noticed Menkaure
  3407 | D:4      | Killed Menkaure
  3408 | D:4      | Reached skill level 6 in Long Blades
  3408 | D:4      | Reached XP level 6. HP: 20/47 MP: 7/7
  3666 | D:4      | Noticed Dowan
  3788 | D:5      | Entered Level 5 of the Dungeon
  3870 | D:5      | Slain by an iguana

Illustrated notes

Levels and vault maps discovered:
D:1:      dpeg_arrival_line_fractal, layout_loops_ring
D:2:      layout_loops_ring, fedhas_altar_3
D:3:      layout_basic, gammafunk_temple_overflow_elements, uniq_natasha
D:4:      layout_cave_pods, uniq_menkaure, uniq_duvessa
D:5:      layout_basic, grunt_temple_overflow_open, gammafunk_ghost_necromancy,
          doesnt_shop_hydraphobe

Skill      XL: |  1  2  3  4  5 |
---------------+----------------+-----
Long Blades    | 2 3 5 6 |  6.3
Fighting       | |  3.0
Armour         | |  1.7
Dodging        | |  0.8
Invocations    | |  2.4

Action                   |  1- 3 |  4- 6 || total
-------------------------+-------+-------++-------
Melee: Falchion          |   129 |   110 ||   239
       Unarmed           |       |     2 ||     2
Invok: Depart the Abyss  |     1 |       ||     1
  Use: Potion            |     2 |     8 ||    10
       Scroll            |       |     3 ||     3
 Stab: Sleeping          |     1 |     1 ||     2
Armor: Leather armour    |    58 |    13 ||    71
       Scale mail        |       |    23 ||    23
       Skin              |       |     3 ||     3
Dodge: Dodged            |    81 |    38 ||   119
       Rpst.: Falchion   |    30 |     9 ||    39

Table legend: (Time is in decaauts)
 A = Elapsed time spent in this place.
 B = Non-inter-level travel time spent in this place.
 C = Inter-level travel time spent in this place.
 D = Time resting spent in this place.
 E = Time spent auto-exploring this place.
 F = Levels seen in this place.
 G = Mean time per level.
                   A        B        C        D        E       F      G
               +--------+--------+--------+--------+--------+-----+--------+
         Total |   3894 |   3803 |     91 |    103 |   3144 |   6 |  649.0 |
       Dungeon |   3845 |   3754 |     91 |    103 |   3097 |   5 |  769.0 |
         Abyss |     49 |     49 |      0 |      0 |     47 |   1 |   49.0 |
               +--------+--------+--------+--------+--------+-----+--------+

Top non-repeatable levels by time:
     D:2: 1145 daAuts
     D:1: 1038 daAuts
     D:3: 909 daAuts
     D:4: 671 daAuts
     D:5: 80 daAuts
 Abyss:1: 49 daAuts
